 Dungeon Crawl Stone Soup version 0.27.1-1-g398f81649c (webtiles) character file.

Game seed: 12466537326759418124

17250 funkygono the Thaumaturge (level 12, -6/62 HPs)
             Began as a Gargoyle Fire Elementalist on Sept 19, 2021.
             Was an Elder of Vehumet.
             Splashed by an oklob plant's acid (9 damage)
             ... on level 2 of the Lair of Beasts.
             The game lasted 00:56:56 (16072 turns).

funkygono the Thaumaturge (GrFE)                   Turns: 16072, Time: 00:56:57

Health: -6/62      AC:  9    Str: 15    XL:     12   Next: 46%
Magic:  26/36      EV: 12    Int: 24    God:    Vehumet [****..]
Gold:   847        SH:  5    Dex: 10    Spells: 2/33 levels left

rFire    + . .     SeeInvis .   z - +7 mace of Avufaug {vamp, rC+ Str+3}
rCold    . . .     Faith    .   (no shield)
rNeg     + + +     Spirit   .   O - +3 leather armour of the Exiled Princes {Contam rN++ Will+ Int+3}
rPois    ∞         Reflect  +   (no helmet)
rElec    +         Harm     .   B - +0 cloak
rCorr    .         Rampage  .   e - +0 pair of gloves
Will     +....                  (no boots)
Stlth    ++........             w - amulet of reflection
HPRegen  0.20/turn              S - ring of magical power
MPRegen  0.25/turn              g - ring of fire

@: corroded
A: sickness immunity, AC +8, negative energy resistance 1, electricity
resistance, torment resistance 1, petrification resistance
a: Renounce Religion


You were on level 2 of the Lair of Beasts.
You worshipped Vehumet.
Vehumet was greatly pleased with you.
You visited 3 branches of the dungeon, and saw 13 of its levels.
You also visited: Ossuary.

You collected 869 gold pieces.
You spent 22 gold pieces at shops.

Inventory:

Hand Weapons
 i - a +0 whip
 m - a +2 flail of protection
 z - the +7 mace of Avufaug (weapon) {vamp, rC+ Str+3}
   (You found it on level 6 of the Dungeon)

   It occasionally heals its wielder for a portion of the damage dealt when it
   wounds a living foe.
   Str:       It affects your strength (+3).
   rC:        It protects you from cold.
Armour
 e - a +0 pair of gloves (worn)
 j - a +3 leather armour
 l - a +2 leather armour of fire resistance
 B - a +0 cloak (worn)
 J - a +2 robe
 M - a +2 leather armour of cold resistance
 O - the +3 leather armour of the Exiled Princes (worn) {Contam rN++ Will+ Int+3}
   (You found it on level 2 of the Lair of Beasts)

   Int:       It affects your intelligence (+3).
   rN:        It greatly protects you from negative energy.
   Contam:    It causes magical contamination when unequipped.
   Will:      It increases your willpower.
Magical Staves
 T - a staff of poison
Jewellery
 d - a ring of wizardry
 g - a ring of fire (right hand)
 w - an amulet of reflection (around neck)
 S - a ring of magical power (left hand)
Wands
 a - a wand of acid (8)
 c - a wand of flame (21)
 C - a wand of digging (6)
 N - a wand of iceblast (5)
Scrolls
 o - a scroll of silence
 u - 5 scrolls of holy word
 y - 2 scrolls of amnesia
 D - 6 scrolls of teleportation
 E - 2 scrolls of magic mapping
 K - a scroll of fog
Potions
 b - a potion of cancellation
 n - 2 potions of invisibility
 r - 2 potions of resistance
 s - a potion of brilliance
 x - 2 potions of flight
 F - 2 potions of might
 G - 3 potions of haste
 H - a potion of mutation {unknown}
 I - 4 potions of ambrosia
 P - 2 potions of curing


   Skills:
 + Level 2.3 Fighting
 + Level 3.9 Maces & Flails
 + Level 4.8 Armour
 + Level 2.9 Dodging
 - Level 2.1 Stealth
 + Level 2.2 Shields
 + Level 11.0 Spellcasting
 + Level 9.6 Conjurations
 + Level 9.6 Fire Magic
 + Level 8.0 Earth Magic
 + Level 2.1 Poison Magic


You had 2 spell levels left.
You knew the following spells:

 Your Spells              Type           Power      Damage    Failure   Level
a - Foxfire               Conj/Fire      100%       2x1d9     1%          1
c - Sticky Flame          Conj/Fire      73%        2d9       1%          4
d - Fireball              Conj/Fire      36%        3d15      1%          5
e - Bolt of Magma         Conj/Fire/Erth 35%        4d15      1%          5
f - Stone Arrow           Conj/Erth      100%       3d13      1%          3
g - Sandblast             Erth           100%       2d20      1%          1
i - Olgreb's Toxic Radia  Pois           23%        N/A       7%          4
j - Ignite Poison         Fire/Tmut/Pois 48%        N/A       1%          3
k - Lee's Rapid Deconstr  Erth           25%        3d15*     1%          5

Your spell library contained the following spells:

 Spells                   Type           Power      Damage    Failure   Level
 Frozen Ramparts          Ice            26%        1d4       4%          3
 Passwall                 Tmut/Erth      26%        N/A       1%          2
 Static Discharge         Conj/Air       36%        N/A       1%          2
 Apportation              Tloc           26%        N/A       5%          1
 Corona                   Hex            14%        N/A       5%          1
 Summon Small Mammal      Summ           52%        N/A       5%          1
 Blink                    Tloc           N/A        N/A       9%          2
 Ensorcelled Hibernation  Hex/Ice        26%        N/A       9%          2
 Conjure Flame            Conj/Fire      73%        6-21      1%          3
 Inner Flame              Hex/Fire       53%        N/A       1%          3
 Mephitic Cloud           Conj/Pois/Air  32%        N/A       1%          3
 Iskenderun's Battlesphe  Conj           56%        2d11      1%          5
 Call Canine Familiar     Summ           13%        N/A       17%         3
 Summon Guardian Golem    Hex/Summ       13%        N/A       17%         3
 Swiftness                Air            13%        N/A       17%         3
 Tukima's Dance           Hex            13%        N/A       17%         3
 Manifold Assault         Tloc           13%        N/A       83%         5
 Invisibility             Hex            6%         N/A       100%        6
 Fire Storm               Conj/Fire      36%        8d9       100%        9


Dungeon Overview and Level Annotations

Branches:
Dungeon (9/15)             Temple (1/1) D:5            Lair (3/6) D:9
  Snake (0/4) Lair:2      Ossuary (visited)
  Swamp: Lair:2-4    Shoals: Lair:2-4       Orc: D:9-12

Altars:
Ashenzari
Cheibriados
Dithmenos
Elyvilon
Fedhas
Gozag
Hepliaklqana
Kikubaaqudgha
Makhleb
Nemelex Xobeh
Qazlal
Ru
Sif Muna
Trog
Uskayaw
Vehumet
Wu Jian
Xom
Yredelemnul
Zin
The Shining One

Shops:
D:1 =?=?

Annotations:
Lair:2 exclusion: 2 oklob plants


Innate Abilities, Weirdness & Mutations

You are immune to sickness and miasma.
Your stone body is resilient. (AC +8)
You are immune to poison.
You resist negative energy. (rN+)
You are resistant to electric shocks. (rElec)
You are resistant to unholy torment.
You are immune to petrification.


Message History

Magic restored.
You start resting.
HP restored.
Aiming: Dig
Press: ? - help, Shift-Dir - straight line A rock wall.
The rock shatters into small pieces.
The oklob plant spits acid at you.
The splash of acid hits you but does no damage.
You are splashed with acid!
Casting: Bolt of Magma (dangerous; 1% risk of failure)
Confirm with . or Enter, or press ? or * to list all spells.
You can't see any susceptible monsters within range! (Use Z to cast anyway.)
Casting: Bolt of Magma (dangerous; 1% risk of failure)
Confirm with . or Enter, or press ? or * to list all spells.
Aiming: Bolt of Magma (dangerous; 1% risk of failure)
Press: ? - help, Shift-Dir - straight line, f - oklob plant
Aim: an oklob plant (100% to hit)
You feel a surge of power!
The bolt of magma hits the oklob plant!!!
The oklob plant is almost destroyed.
The oklob plant spits acid at you. The splash of acid hits you!
You are splashed with acid!
The oklob plant spits acid at you.
The splash of acid hits you but does no damage.
The acid corrodes you!
You are splashed with acid!
* * * LOW HITPOINT WARNING * * *
Casting: Bolt of Magma (dangerous; 1% risk of failure)
Confirm with . or Enter, or press ? or * to list all spells.
Aiming: Bolt of Magma (dangerous; 1% risk of failure)
Press: ? - help, Shift-Dir - straight line, f/p - oklob plant
Aim: an oklob plant (almost destroyed, 100% to hit)
You feel a surge of power! Vehumet accepts your kill.
You feel a bit more experienced. The oklob plant spits acid at you.
The splash of acid hits you!
* * * LOW HITPOINT WARNING * * *
The acid corrodes you!
You are splashed with acid!
You die...

##...........#####.#........
#.........### ###.≈...≈..
#.........# #≈≈≈≈≈≈≈≈≈≈
##.........# ≈≈≈≈≈≈≈≈≈≈≈≈≈
#..........# ≈≈≈≈≈≈##≈≈≈≈≈≈≈
#.........## ≈≈≈≈≈≈ #≈≈≈≈≈≈≈
####........# ≈≈≈(P≈≈≈≈≈≈≈##≈
####..#........###≈§§P[≈≈≈≈≈≈≈##≈
................@.§§≈≈≈≈≈≈≈≈≈≈≈≈≈
.............####≈≈##≈≈≈
.###.............≈≈##≈≈≈
.###............≈≈≈≈≈≈≈≈
..#..............≈≈≈≈≈≈≈
.####.#..#..##..P≈≈≈≈≈≈≈ .#
#...#....##...≈≈≈≈≈≈≈ .#
#..#.##.#....≈≈≈≈≈##≈ .#
##.....#......≈≈≈≈##≈


You could see an oklob plant.

Vanquished Creatures
  2 hydras (Lair:3)
  Harold (D:7)
  3 spriggans (Lair:2)
  Pikel (D:5)
  An oklob plant (Lair:2)
  An elephant (Lair:2)
  A black mamba (Lair:2)
  3 cane toads
  Psyche (D:8)
  A komodo dragon (Lair:1)
  2 hornets
  Eustachio (D:4)
  6 wyverns
  20 yaks
  6 basilisks
  Edmund (D:4)
  Menkaure (D:7)
  A naga (Lair:2)
  8 water moccasins
  5 orc warriors
  A black bear (Lair:2)
  A sky beast (D:8)
  An ice beast (D:5)
  2 ogres
  4 wolves (Lair:2)
  A phantom (D:3)
  4 centaurs
  2 lemures (D:5)
  5 bullfrogs
  2 scorpions (D:3)
  2 water moccasin skeletons
  A wyvern skeleton (D:6)
  26 killer bees
  4 wights (D:9)
  4 centaur zombies
  5 howler monkeys
  A hound (D:6)
  A centaur skeleton (D:7)
  A human zombie (Ossuary)
  3 orc priests
  A gnoll shaman (D:7)
  Crazy Yiuf (D:6)
  4 iguanas
  4 orc wizards
  4 hell rats (Lair:2)
  A hound zombie (Ossuary)
  4 mummies (Ossuary)
  A howler monkey zombie (D:9)
  6 gnolls
  4 adders
  2 shadow imps (D:7)
  A worm (D:3)
  2 dart slugs
  44 orcs
  7 endoplasms
  5 giant cockroaches
  2 gnoll zombies (Ossuary)
  7 goblins
  4 hobgoblins
  4 kobolds
  2 quokkas
  4 ball pythons
  4 bats
  6 frilled lizards
  2 goblin zombies (Ossuary)
  4 jackal zombies (Ossuary)
  2 kobold zombies (Ossuary)
  6 rats
  A ball lightning (Lair:2)
  3 bushes (D:9)
279 creatures vanquished.

Vanquished Creatures (collateral kills)
  3 foxfires
3 creatures vanquished.

Vanquished Creatures (others)
  The ghost of Rastanax the Thaumaturge, a journeyman DECj of Vehumet (Lair:2)
  2 ball lightnings (Lair:2)
  872 foxfires
  18 fungi
  46 plants
939 creatures vanquished.

Grand Total: 1221 creatures vanquished

Notes
Turn   | Place    | Note
-------+----------+-------------------------------------------
     0 | D:1      | funkygono the Gargoyle Fire Elementalist began the quest
                  | for the Orb.
     0 | D:1      | Reached XP level 1. HP: 10/10 MP: 3/3
   227 | D:1      | Reached XP level 2. HP: 15/15 MP: 1/5
   322 | D:1      | Found Delei's Jewellery Emporium.
   474 | D:1      | Found Kypsirups's Magic Scroll Shoppe.
   520 | D:1      | Bought a scroll of identify for 22 gold pieces
   590 | D:1      | Found Jeunio's Magic Scroll Shop.
   819 | D:1      | Found a faded altar of an unknown god.
  1056 | D:1      | Found Daol's Jewellery Shoppe.
  1216 | D:2      | Reached XP level 3. HP: 20/20 MP: 2/6
  1220 | D:2      | Learned a level 3 spell: Conjure Flame
  1678 | D:2      | Reached skill level 3 in Spellcasting
  1678 | D:2      | Reached XP level 4. HP: 24/24 MP: 1/8
  2242 | D:2      | Learned a level 4 spell: Sticky Flame
  2573 | D:3      | Reached XP level 5. HP: 18/28 MP: 1/9
  2863 | D:3      | Found a shimmering altar of Xom.
  3022 | D:3      | Noticed a phantom
  3027 | D:3      | Killed a phantom
  3028 | D:3      | Reached XP level 6. HP: 33/33 MP: 5/11
  3914 | D:3      | Reached skill level 4 in Spellcasting
  4013 | D:4      | Noticed Edmund
  4025 | D:4      | Killed Edmund
  4026 | D:4      | Reached skill level 5 in Fire Magic
  4026 | D:4      | Reached XP level 7. HP: 37/37 MP: 5/13
  4368 | D:4      | Learned a level 1 spell: Sandblast
  4479 | D:4      | Noticed Eustachio
  4486 | D:4      | Killed Eustachio
  4487 | D:4      | Reached skill level 1 in Fighting
  4583 | D:4      | Reached skill level 1 in Armour
  4818 | D:4      | Found a glowing silver altar of Zin.
  5528 | D:4      | Learned a level 5 spell: Fireball
  5530 | D:5      | Entered Level 5 of the Dungeon
  5569 | D:5      | Reached skill level 1 in Earth Magic
  6064 | D:5      | Noticed Pikel
  6071 | D:5      | Killed Pikel
  6072 | D:5      | Reached skill level 1 in Maces & Flails
  6072 | D:5      | Reached skill level 5 in Spellcasting
  6072 | D:5      | Reached XP level 8. HP: 43/43 MP: 8/16
  6141 | D:5      | Found a staircase to the Ecumenical Temple.
  6220 | Temple   | Entered the Ecumenical Temple
  6242 | Temple   | Became a worshipper of Vehumet
  6533 | D:6      | Found an ornate altar of the Wu Jian Council.
  6722 | D:6      | Reached skill level 6 in Spellcasting
  6807 | D:6      | Found a sparkling altar of Nemelex Xobeh.
  6876 | D:6      | Reached skill level 5 in Conjurations
  6876 | D:6      | Reached XP level 9. HP: 44/47 MP: 6/18
  7061 | D:6      | Found a bloodstained altar of Trog.
  7421 | D:6      | Found a runed translucent door.
  7422 | D:6      | Noticed Crazy Yiuf
  7424 | D:6      | Identified the +7 mace of Avufaug {vamp, rC+ Str+3}
  7431 | D:6      | Killed Crazy Yiuf
  7550 | D:7      | Noticed Harold
  7577 | D:7      | Killed Harold
  7578 | D:7      | Reached skill level 7 in Spellcasting
  7781 | D:7      | Found a sand-covered staircase.
  7786 | Ossuary  | Entered an ossuary
  7821 | Ossuary  | Reached * piety under Vehumet
  7821 | Ossuary  | Offered knowledge of Freeze by Vehumet.
  8336 | D:7      | Reached skill level 1 in Shields
  8340 | D:7      | Reached XP level 10. HP: 43/52 MP: 14/21
  8510 | D:7      | Noticed Menkaure
  8516 | D:7      | Killed Menkaure
  8805 | D:7      | Reached skill level 5 in Earth Magic
  8971 | D:7      | Learned a level 5 spell: Lee's Rapid Deconstruction
  9527 | D:8      | Found a white marble altar of Elyvilon.
  9528 | D:8      | Found a shadowy altar of Dithmenos.
  9529 | D:8      | Found a snail-covered altar of Cheibriados.
  9579 | D:8      | Reached skill level 8 in Spellcasting
  9850 | D:8      | Noticed Psyche
  9861 | D:8      | Killed Psyche
 10170 | D:9      | Learned a level 5 spell: Bolt of Magma
 10189 | D:9      | Reached ** piety under Vehumet
 10189 | D:9      | Offered knowledge of Shock by Vehumet.
 10572 | D:9      | Offered knowledge of Searing Ray by Vehumet.
 10595 | D:9      | Reached skill level 9 in Spellcasting
 10742 | D:9      | Reached XP level 11. HP: 41/57 MP: 19/24
 10947 | D:9      | Reached *** piety under Vehumet
 11067 | D:9      | Found a staircase to the Lair.
 11400 | D:9      | Identified a scroll of acquirement
 11401 | D:9      | Acquired the Reference Book on Displaced Combat Magic
 11409 | D:9      | Learned a level 3 spell: Stone Arrow
 11489 | Lair:1   | Entered Level 1 of the Lair of Beasts
 11572 | Lair:1   | Offered knowledge of Olgreb's Toxic Radiance by Vehumet.
 11871 | Lair:1   | Learned a level 4 spell: Olgreb's Toxic Radiance
 12525 | Lair:2   | Found a staircase to the Snake Pit.
 12590 | Lair:2   | Identified the +3 leather armour of the Exiled Princes
                  | {Contam rN++ Will+ Int+3}
 13298 | Lair:2   | Reached **** piety under Vehumet
 13317 | Lair:2   | Reached skill level 10 in Spellcasting
 13389 | Lair:2   | Found a runed translucent door.
 13389 | Lair:2   | Noticed Rastanax's ghost (journeyman DECj)
 13390 | Lair:2   | Identified the +11 trident "Osoerudefe" {flame, rPois Int+7
                  | Dex+3}
 13390 | Lair:2   | Identified the +1 ring mail of Fuzzy the Good {Regen+ Str+4
                  | Dex+5}
 13390 | Lair:2   | Noticed a spriggan rider
 13456 | Lair:2   | Reached skill level 1 in Poison Magic
 13462 | Lair:2   | Offered knowledge of Frozen Ramparts by Vehumet.
 13793 | Lair:2   | Noticed an oklob plant
 13794 | Lair:2   | Noticed an oklob plant
 14328 | Lair:2   | Reached XP level 12. HP: 62/62 MP: 25/26
 14332 | Lair:2   | Learned a level 3 spell: Ignite Poison
 14493 | Lair:2   | Killed Rastanax's ghost
 15076 | Lair:3   | Noticed an eight-headed hydra
 15081 | Lair:3   | Killed an eight-headed hydra
 15276 | Lair:3   | Noticed a five-headed hydra
 15282 | Lair:3   | Killed a five-headed hydra
 15283 | Lair:3   | Reached skill level 11 in Spellcasting
 16072 | Lair:2   | HP: 3/62 [oklob plant/splash of acid (9)]
 16072 | Lair:2   | Splashed by an oklob plant's acid

Illustrated notes

Levels and vault maps discovered:
D:1:      dpeg_arrival_refuge, layout_loops_ring,
          shapermc_ecumenical_altar_mp_vishouse, serial_shops,
          nicolae_shop_behind_doors, shop, shop, nicolae_shop_trees,
          minmay_misc_feat_rows, grunt_decor_cap, chequers_serial_rivers_marsh,
          minmay_stone_trees_small, hangedman_decor_opposing,
          grunt_decor_arrowhead
D:2:      layout_basic
D:3:      layout_basic, lemuel_crystal_altar
D:4:      layout_loops_ring, zin_scriptorium, serial_aquarium,
          aquarium_bridge_straight [aquarium_subvault_bridge,
          aquarium_subvault_wall, aquarium_subvault_bridge,
          aquarium_subvault_wall], aquarium_window_1, aquarium_window_1,
          aquarium_window_2, aquarium_window_corner, aquarium_view_2c,
          aquarium_view_2e, aquarium_balcony_3a, aquarium_pool_corner,
          minmay_between, uniq_edmund, uniq_eustachio
D:5:      layout_loops_ring, minmay_temple_entry_fiery, uniq_pikel
D:6:      layout_rooms, mainiacjoe_overflow_chevrons,
          mainiacjoe_overflow_boulevard, marbit_many_paths,
          uniq_crazy_yiuf_cottage
D:7:      layout_loops_ring, enter_ossuary_5, uniq_harold, uniq_menkaure
D:8:      layout_loops_ring, gammafunk_temple_overflow_forgotten, uniq_psyche
D:9:      layout_roguey [special_room_orc], minmay_lair_entry_grove
Temple:   cyrus_circular_temple
Lair:1:   layout_cave_pods, infiniplex_staircase_pool
Lair:2:   regret_index_harrowing_hell_hive, layout_chaotic_city,
          guppyfry_snake_entry_island, ebering_ghost_funeral_grove
Lair:3:   layout_long_grid

Skill      XL: |  1  2  3  4  5  6  7  8  9 10 11 12 |
---------------+-------------------------------------+-----
Spellcasting   | 3 4 5 6 7 9 10 11 | 11.0
Fire Magic     | 4 5 6 7 8 9 |  9.6
Conjurations   | 3 4 5 6 7 8 9 |  9.6
Fighting       | 1 2 |  2.3
Armour         | 2 3 4 |  4.8
Earth Magic    | 2 3 4 6 7 8 |  8.0
Maces & Flails | 1 2 3 |  3.9
Dodging        | 2 |  2.9
Shields        | 1 2 |  2.2
Poison Magic   | 1 2 |  2.1
Stealth        | |  2.1

Action                   |  1- 3 |  4- 6 |  7- 9 | 10-12 || total
-------------------------+-------+-------+-------+-------++-------
Melee: Unarmed           |     1 |       |       |       ||     1
       Mace              |     8 |       |    22 |   145 ||   175
       Flail             |       |     7 |    21 |       ||    28
 Cast: Foxfire           |    64 |    90 |   142 |   221 ||   517
       Sticky Flame      |       |     2 |    12 |    29 ||    43
       Sandblast         |       |       |    21 |    13 ||    34
       Conjure Flame     |       |       |     2 |     2 ||     4
       Bolt of Magma     |       |       |       |    28 ||    28
       Stone Arrow       |       |       |       |    23 ||    23
       Olgreb's Toxic Ra |       |       |       |    15 ||    15
       Fireball          |       |       |       |     9 ||     9
       Ignite Poison     |       |       |       |     3 ||     3
Evoke: Wand              |       |       |       |     1 ||     1
  Use: Scroll            |     1 |     4 |    10 |     8 ||    23
       Potion            |       |       |     4 |       ||     4
 Stab: Sleeping          |       |       |     1 |       ||     1
Armor: Robe              |     6 |     7 |       |       ||    13
       Leather armour    |       |     1 |   109 |   107 ||   217
Dodge: Dodged            |    12 |    19 |    92 |   121 ||   244
Block: Other             |       |       |    20 |    57 ||    77
       Reflection        |       |       |       |     2 ||     2
